Map: Coda LE (Void)

Players

Bop - Winner!

  • Race: Protoss Protoss

Creepseep

  • Race: Zerg Zerg

VOD

Have the link to the VOD?

Description

Time

  • Played on: May 3, 2015, 7:15 a.m.
  • Length: 6:21
Show
View Real Time Build Order
Export as new Build Order

Bop Protoss - Winner!

Build Orders: Nexus First, Mass Adepts 

Get SALT Encoding   

  12  0:01  Probe  
  13  0:13  Probe  
  14  0:41  Nexus  
  14  0:50  Pylon  
  14  1:08  Probe (Chrono Boost)  
  14  1:09  Gateway  
  15  1:18  Probe (Chrono Boost)  
  17  1:25  Probe (Chrono Boost), Assimilator  
  17  1:37  Probe (Chrono Boost), Pylon  
  18  1:43  Probe (Chrono Boost)  
  19  1:54  Probe  
  19  2:00  Cybernetics Core  
  20  2:03  Cybernetics Core  
  20  2:06  Probe (Chrono Boost)  
  20  2:07  Probe (Chrono Boost)  
  23  2:17  Probe (Chrono Boost), Gateway  
  23  2:24  Probe (Chrono Boost)  
  23  2:28  Probe (Chrono Boost)  
  26  2:39  Probe (Chrono Boost)  
  26  2:40  Probe (Chrono Boost)  
  26  2:43  Adept (Chrono Boost), Warp Gate (Chrono Boost)  
  29  2:46  Probe  
  29  2:47  Probe  
  31  2:59  Probe x2  
  31  3:02  Pylon  
  35  3:10  Adept (Chrono Boost)  
  35  3:11  Probe  
  38  3:13  Probe  
  38  3:14  Adept (Chrono Boost)  
  38  3:15  Assimilator  
  39  3:23  Probe  
  39  3:25  Probe  
  41  3:30  Adept (Chrono Boost)  
  41  3:33  Pylon x2  
  43  3:35  Probe  
  43  3:37  Probe  
  45  3:47  Probe  
  46  3:49  Probe  
  45  3:58  Gateway  
  45  3:59  Gateway  
  45  4:00  Gateway  
  45  4:03  Gateway x2  
  45  4:17  Gateway  
  45  4:37  Pylon  
  45  4:41  Pylon  
  45  4:43  Adept x2  
  45  4:44  Pylon  
  45  4:45  Pylon  
  49  4:52  Adept  
  49  4:53  Adept x2  
  49  4:57  Adept x2  
  59  5:00  Pylon  
  59  5:15  Adept x7  
  59  5:16  Adept  
  73  5:31  Probe x2  
  69  5:43  Probe  
  69  5:44  Stalker x6  
  82  5:50  Pylon  
  78  6:04  Stalker x2  
  82  6:14  Zealot x4  
  82  6:15  Zealot x2  
Show
View Real Time Build Order
Export as new Build Order

Creepseep Zerg 

Build Orders: Hatch First 

Get SALT Encoding   

  12  0:01  Drone  
  13  0:08  Drone  
  14  0:35  Hatchery  
  13  0:38  Drone  
  14  0:57  Spawning Pool  
  13  0:58  Drone  
  14  1:06  Overlord  
  14  1:16  Drone, Extractor  
  14  1:25  Drone x2  
  16  1:31  Drone  
  17  1:42  Drone  
  17  1:43  Queen  
  20  1:48  Drone  
  21  1:54  Queen  
  21  1:59  Drone  
  24  2:05  Overlord  
  24  2:14  Drone  
  25  2:17  Drone x2  
  27  2:23  Drone  
  27  2:27  Metabolic Boost  
  28  2:32  Drone  
  28  2:33  Drone  
  28  2:36  Drone  
  31  2:41  Drone  
  32  2:46  Overlord  
  32  2:53  Drone x4  
  36  3:11  Drone x3  
  39  3:14  Overlord  
  39  3:19  Hatchery  
  38  3:20  Zergling x2  
  38  3:23  Zergling x2  
  40  3:28  Drone  
  40  3:29  Lair  
  40  3:31  Extractor  
  40  3:33  Drone x2  
  40  3:34  Drone  
  43  3:35  Drone  
  44  3:48  Drone x3  
  44  3:49  Drone x5  
  44  3:53  Extractor  
  44  3:54  Extractor  
  48  4:02  Drone x2  
  49  4:05  Zergling x6  
  51  4:13  Overlord  
  51  4:18  Zergling x2  
  52  4:30  Queen  
  54  4:43  Zergling x16  
  54  4:44  Spire, Zergling x2  
  62  4:49  Roach Warren  
  61  4:53  Queen  
  61  4:56  Overlord  
  61  4:57  Overlord  
  63  5:02  Zergling x6  
  63  5:16  Zergling x6  
  63  5:17  Zergling x8  
  56  5:38  Roach x6  
  56  5:39  Roach  
  65  5:56  Mutalisk  
Tags
 
Add a new tag
Caveats
  • Supply blocks, unpowered buildings, or Contaminate may cause inaccurate times.
  • Supply counts are checked every 10 seconds.